AoeStats
← Boblob801

Arena

505826645Analyzed
2v2 RM · 19d ago on Sep 11, 2026· 41m 59s· 4 players
Game mode
Random Map
Map size
Medium (4 player)
Population
200
Speed
Normal
Resources
Standard
Victory
Conquest
Starting age
Dark Age
Ending age
Imperial Age
RankedLock teamsTeams togetherTeam positionsShared explorationLock speedFull tech treeHidden civsTurbo modeCheats
Victory
Defeat
🇺🇸 Inca · United States
1891
+1
🇺🇸 Britons · United States
1841
+2
🇨🇳 Portuguese · China
1508
-2
🇳🇿 Franks · New Zealand
1194
-1
Kazi
10:45 Feudal Age
14:37 Castle Age
12:41 Double-Bit Axe
15:44 Bow Saw
15:31 Horse Collar
16:53 Heavy Plow
22:43 Wheelbarrow
23:26 Gold Mining
23:58 Stone Mining
27:12 Imperial Age
25:02 Treadmill Crane
25:40 Hand Cart
25:26 Loom
26:41 Gold Shaft Mining
26:11 Scale Mail Armor
26:21 Forging
25:58 Pikeman
26:38 Squires
26:24 Arson
27:32 Chain Mail Armor
27:09 Champi Runner
27:16 Halberdier
27:19 Capped Ram
28:46 Iron Casting
28:19 Siege Ram
31:07 Plate Mail Armor
31:37 Blast Furnace
31:13 Conscription
32:46 Chemistry
32:36 Champi Runner
33:20 Fabric Shields
33:43 Fletching
33:52 Champi Warrior
34:29 Bodkin Arrow
35:38 Crop Rotation
35:07 Elite Champi Warrior
39:45 Siege Engineers
Choo Choo Chud
10:21 Feudal Age
11:51 Double-Bit Axe
14:28 Castle Age
12:20 Horse Collar
15:26 Bow Saw
15:35 Heavy Plow
19:27 Loom
21:54 Wheelbarrow
22:09 Gold Mining
23:11 Hand Cart
25:20 Fletching
26:07 Bodkin Arrow
31:28 Imperial Age
29:40 Stone Mining
31:43 Gold Shaft Mining
31:58 Yeomen
32:27 Ballistics
32:10 Bracer
33:11 Chemistry
32:34 Conscription
31:48 Elite Longbowman
33:20 Padded Archer Armor
35:42 Leather Archer Armor
38:15 Two-Man Saw
38:43 Warwolf
40:21 Ring Archer Armor
42:10 Hoardings
Boblob801
11:53 Feudal Age
15:53 Castle Age
13:54 Double-Bit Axe
17:38 Bow Saw
19:35 Wheelbarrow
18:49 Loom
21:29 Hand Cart
21:01 Town Watch
22:54 Scale Mail Armor
23:04 Forging
23:55 Forging
23:41 Gold Mining
24:20 Town Patrol
25:50 Gold Shaft Mining
26:21 Iron Casting
26:01 Chain Mail Armor
26:08 Fletching
26:44 Stone Mining
27:29 #83
28:32 Caravan
32:17 Imperial Age
31:10 Bodkin Arrow
31:54 Ballistics
31:49 Squires
31:34 Arson
32:38 Elite Throwing Axeman
33:39 Conscription
34:22 Blast Furnace
33:52 Plate Mail Armor
35:08 Chivalry
35:38 Scale Barding Armor
34:55 Cavalier
35:40 Husbandry
35:47 Paladin
40:50 Chain Barding Armor
快乐不易
10:55 Feudal Age
14:32 Castle Age
12:50 Horse Collar
13:10 Double-Bit Axe
13:50 Loom
16:44 Heavy Plow
17:44 Bow Saw
19:11 Gold Mining
25:36 Scale Barding Armor
31:53 Imperial Age
30:03 Fletching
Connection lost

Rejoining the realm…

Still unreachable

The connection could not be restored.

Session expired

The server has moved on; the page needs a fresh start.